 Dungeon Crawl Stone Soup version 0.32-a0-468-g38b2580584 (webtiles) character file.

Game seed: 15934218432496935478

19 whatisthis the Poker (level 2, 0/23 HPs)
             Began as a Demonspawn Gladiator on Feb 24, 2024.
             Succumbed to a goblin's poison
             ... on level 1 of the Dungeon.
             The game lasted 00:01:10 (709 turns).

whatisthis the Poker (Demonspawn Gladiator)          Turns: 709, Time: 00:01:11

Health: 0/23       AC:  4    Str: 14    XL:     2   Next: 55%
Magic:  2/2        EV: 12    Int:  8    God:
Gold:   108        SH:  0    Dex: 14    Spells: 1/1 levels left

rFire   . . .        a - +0 trident
rCold   . . .        (no shield)
rNeg    . . .        b - +0 leather armour
rPois   .            c - +0 helmet
rElec   .            (no cloak)
rCorr   .            (no gloves)
SInv    .            (no boots)
Will    .....        (no amulet)
Stlth   +            (no ring)
HPRegen 0.23/turn    (no ring)
MPRegen 0.08/turn

%: no passive effects
@: lethally poisoned (0 -> -17)
A: demonic guardian 1
a: no special abilities


You were on level 1 of the Dungeon.
You visited 1 branch of the dungeon, and saw 1 of its levels.

You collected 108 gold pieces.

Inventory:

Hand Weapons
 a - a +0 trident (weapon)
Missiles
 d - 3 throwing nets (quivered)
 e - 7 javelins
Armour
 b - a +0 leather armour (worn)
 c - a +0 helmet (worn)
 f - a +0 chain mail
 h - a +0 kite shield
 j - a +0 scale mail
Scrolls
 g - 2 scrolls of fog {unknown}
 i - a scroll of acquirement {unknown}


   Skills:
 + Level 2.4 Fighting
 + Level 3.0 Polearms
 - Level 1.7 Throwing
 + Level 1.0 Armour
 - Level 2.6 Dodging


You had one spell level left.
You didn't know any spells.
Your spell library was empty.

Dungeon Overview and Level Annotations

Branches:
Dungeon (1/15)

Altars:


Innate Abilities, Weirdness & Mutations

A weak demonic guardian rushes to your aid.


Message History

You kill the hobgoblin!
Your Armour skill increases to level 1!
Found a sling.
A rat comes into view.
The rat squeaks loudly.
A rat is nearby!
The rat bites you.
You puncture the rat!
You kill the rat!
Found a faded altar of an unknown god.
There is a faded altar of an unknown god here.
Found 6 stones.
You see here 6 stones.
Found a leather armour.
You see here a +0 leather armour.
You see here a +0 sling.
A goblin comes into view. It is wielding a +1 dagger of venom.
Found a quarterstaff.
The goblin shouts!
The goblin barely misses you.
You closely miss the goblin. The goblin hits you but does no damage.
You are poisoned.
You barely miss the goblin.
You feel very sick.
The goblin hits you with a +1 dagger of venom.
You miss the goblin.
You feel sick.
The goblin hits you with a +1 dagger of venom.
A demonic guardian appears!
You are lethally poisoned!
You closely miss the goblin.
You feel very sick. The goblin completely misses you.
The goblin hits you with a +1 dagger of venom.
You are more poisoned.
You swap places.
* * * LOW HITPOINT WARNING * * *
You feel very sick. Something misses your quasit.
You aren't carrying any potions.
You die...

#.###.# #.# #.# #.# #.#
########.###.# #.# .............#
###.# #.##.##.###..##### #...#
#.##....# #......# #.#####
#.#####.###..###.# #.# #.. #.#
#......# #.### #.# #.# #.###
#.#.##.# #@#)# #.###.#
#.#.###.#.##.# #..# #.##...
...#.##.#.##.# #5## #......
....#.#.#.##.##..g.# ####...
....##..#.##.......# ##.#
..........# #####...###########.#
..#.##....#######..........†.....
..#.#.#.........................#
.....##..########...##########...


You could see a goblin and a friendly quasit (summoned).

Vanquished Creatures
  4 ball pythons (D:1)
  2 giant cockroaches (D:1)
  2 hobgoblins (D:1)
  2 quokkas (D:1)
  2 bats (D:1)
  A frilled lizard (D:1)
  A kobold (D:1)
  4 rats (D:1)
18 creatures vanquished.

Notes
Turn   | Place    | Note
-------+----------+-------------------------------------------
     0 | D:1      | whatisthis the Demonspawn Gladiator began the quest for the
                  | Orb.
     0 | D:1      | Reached XP level 1. HP: 16/16 MP: 1/1
   204 | D:1      | Gained mutation: A weak demonic guardian rushes to your
                  | aid. [demonic ancestry]
   204 | D:1      | Reached XP level 2. HP: 15/22 MP: 2/2
   499 | D:1      | Reached skill level 3 in Polearms
   556 | D:1      | Reached skill level 1 in Armour
   613 | D:1      | Found a faded altar of an unknown god.
   709 | D:1      | Succumbed to a goblin's poison

Illustrated notes

Levels and vault maps discovered:
D:1:      dpeg_arrival_line_fractal, layout_loops_ring, basic_ecumenical_altar,
          minmay_octomino_j4

Skill      XL: |  1  2 |
---------------+-------+-----
Polearms       | 3 |  3.0
Armour         | 1 |  1.0
Fighting       | |  2.4
Throwing       | |  1.7
Dodging        | |  2.6

Action                     || total
---------------------------++-------
  Melee: Trident           ||    64
   Stab: Sleeping          ||     1
 Armour: Leather armour    ||    39
  Dodge: Dodged            ||    43

Table legend: (Time is in decaauts)
 A = Elapsed time spent in this place.
 B = Non-inter-level travel time spent in this place.
 C = Inter-level travel time spent in this place.
 D = Time resting spent in this place.
 E = Time spent auto-exploring this place.
 F = Levels seen in this place.
 G = Mean time per level.
                   A        B        C        D        E       F      G
               +--------+--------+--------+--------+--------+-----+--------+
         Total |    719 |    719 |      0 |     37 |    514 |   1 |  719.0 |
       Dungeon |    719 |    719 |      0 |     37 |    514 |   1 |  719.0 |
               +--------+--------+--------+--------+--------+-----+--------+

Top non-repeatable levels by time:
     D:1: 719 daAuts
